 Dungeon Crawl Stone Soup version 0.28-a0-194-g42b4daccc1 (webtiles) character file.

Game seed: 15278204266638378000

43539 porpoise the Fighter (level 13, 0/109 HPs)
             Began as a Demonspawn Gladiator on Aug 19, 2021.
             Was a High Priest of Yredelemnul.
             Killed from afar by a raiju (21 damage)
             ... with a living lightning
             ... on level 2 of the Abyss.
             The game lasted 01:40:26 (20741 turns).

porpoise the Fighter (Demonspawn Gladiator)        Turns: 20741, Time: 01:40:31

Health: 0/109      AC: 22    Str: 21 (22) XL:     13   Next: 91%
Magic:  19/19      EV: 17    Int: 12      God:    Yredelemnul [*****.]
Gold:   503        SH:  5    Dex: 13 (14) Spells: 12/12 levels left

rFire   . . .      SeeInvis +   a - +4 demon trident (freeze)
rCold   + + .      Faith    +   d - +2 buckler {rC+}
rNeg    . . .      Spirit   .   m - +2 scale mail {rC+}
rPois   +          Reflect  .   (helmet unavailable)
rElec   .          Harm     .   R - +2 cloak
rCorr   .          Rampage  .   h - +0 pair of gloves
Will    .....                   r - +0 pair of boots
Stlth   ..........              q - amulet of faith
HPRegen 0.28/turn               i - ring of poison resistance
MPRegen 0.16/turn               A - ring "Giefo" {EV+4 Str+2 Int+2 SInv}

@: sanguine armoured
A: antennae 3, ignite blood 3, spiny 2, sanguine armour 1
a: Renounce Religion, Recall Undead Slaves, Injury Mirror, Animate Dead, Drain
Life, Enslave Soul


You were on level 2 of the Abyss.
You worshipped Yredelemnul.
Yredelemnul was extremely pleased with you.
You visited 2 branches of the dungeon, and saw 14 of its levels.
You visited the Abyss 1 time.
You also visited: Trove, Gauntlet and Ice Cave.

You collected 965 gold pieces.
You spent 462 gold pieces at shops.

Inventory:

Hand Weapons
 a - a +4 demon trident of freezing (weapon)
 b - the +11 hunting sling "Giantbane" {freeze, Dex+3}
   (You found it on level 1 of the Lair of Beasts)

   Any ammunition fired from it freezes those it strikes, dealing additional
   cold damage.
   It can also slow down cold-blooded creatures.
   Dex:       It affects your dexterity (+3).
 l - a +5 halberd of freezing
 w - the +4 quarterstaff "Tetsis" {spect, rC+ Dex+3}
   (You found it on level 5 of the Dungeon)

   When its wielder attacks, the weapon's spirit leaps out and strikes again.
   The spirit shares a part of any damage it takes with its wielder.
   Dex:       It affects your dexterity (+3).
   rC:        It protects you from cold.
Missiles
 j - 395 stones
 z - a throwing net
 J - 26 sling bullets
Armour
 d - a +2 buckler of cold resistance (worn)
 h - a +0 pair of gloves (worn)
 m - a +2 scale mail of cold resistance (worn)
 r - a +0 pair of boots (worn)
 s - a +1 cloak of stealth
 N - the +1 scale mail "Fugisurr" {Rampage rN+ Int-4 Dex+3}
   (You bought it in a shop on level 9 of the Dungeon)

   Int:       It affects your intelligence (-4).
   Dex:       It affects your dexterity (+3).
   rN:        It protects you from negative energy.
   Rampage:   It bestows one free step when moving towards enemies.
 R - a +2 cloak (worn)
Magical Staves
 t - a staff of death
Jewellery
 c - the ring of Tucean {rC+ MP+9 Int+3 Dex+4}
   (You found it in a treasure trove)

   [ring of magical power]

   Int:       It affects your intelligence (+3).
   Dex:       It affects your dexterity (+4).
   rC:        It protects you from cold.
   MP:        It affects your magic capacity (+9).
 i - a ring of poison resistance (left hand)
 q - an amulet of faith (around neck)
 A - the ring "Giefo" (right hand) {EV+4 Str+2 Int+2 SInv}
   (You found it in a treasure trove)

   [ring of evasion]

   EV:        It affects your evasion (+4).
   Str:       It affects your strength (+2).
   Int:       It affects your intelligence (+2).
   SInv:      It lets you see invisible.
 E - a ring of fire
 I - the ring "Muffepna" {Fly Dex+4}
   (You found it on level 8 of the Dungeon)

   [ring of flight]

   Dex:       It affects your dexterity (+4).
   Fly:       It grants you flight.
Wands
 p - a wand of iceblast (13)
 C - a wand of acid (4)
 O - a wand of flame (16)
 Q - a wand of digging (14)
 V - a wand of charming (20)
 W - a wand of paralysis (16)
Scrolls
 f - 2 scrolls of fear
 n - a scroll of immolation
 v - 5 scrolls of teleportation
 y - a scroll of amnesia
 D - a scroll of fog
 G - a scroll of vulnerability
 H - a scroll of magic mapping
Potions
 e - 4 potions of curing
 g - a potion of might
 k - a potion of magic
 o - 3 potions of heal wounds
 u - a potion of lignification
 x - 6 potions of invisibility
 B - 2 potions of cancellation
 S - 2 potions of haste


   Skills:
 + Level 12.8 Fighting
 + Level 12.6 Polearms
 - Level 1.7 Throwing
 - Level 9.0 Armour
 - Level 9.0 Dodging
 - Level 9.0 Invocations
 - Level 5.0 Evocations


You had 12 spell levels left.
You didn't know any spells.
Your spell library contained the following spells:

 Spells                   Type           Power      Damage    Failure   Level
 Animate Skeleton         Necr           0%         N/A       78%         1
 Apportation              Tloc           0%         N/A       78%         1
 Corona                   Hex            0%         N/A       78%         1
 Summon Small Mammal      Summ           0%         N/A       78%         1
 Ensorcelled Hibernation  Hex/Ice        0%         N/A       89%         2
 Dazzling Flash           Conj/Hex       0%         N/A       98%         3
 Spider Form              Tmut/Pois      0%         N/A       98%         3
 Vampiric Draining        Necr           0%         2d6       98%         3
 Animate Dead             Necr           0%         N/A       100%        4
 Hailstorm                Conj/Ice       0%         3d3       100%        4
 Ice Form                 Ice/Tmut       0%         N/A       100%        4
 Iskenderun's Mystic Bla  Conj/Tloc      0%         2d3       100%        4
 Freezing Cloud           Conj/Ice/Air   0%         6-21      100%        5
 Death Channel            Necr           0%         N/A       100%        6
 Shadow Creatures         Summ           N/A        N/A       100%        6
 Simulacrum               Ice/Necr       0%         N/A       100%        6
 Starburst                Conj/Fire      0%         6d3       100%        6
 Polar Vortex             Ice            0%         N/A       100%        9


Dungeon Overview and Level Annotations

Branches:
Dungeon (11/15)            Temple (0/1) D:5            Lair (3/6) D:8
  Swamp (0/4) Lair:2          Orc (0/2) D:11          IceCv (visited)
Gauntlet (visited)
  Snake: Lair:2-4    Spider: Lair:2-4

Altars:
Ashenzari
Elyvilon
Fedhas
Makhleb
Nemelex Xobeh
Okawaru
Qazlal
Ru
Vehumet
Wu Jian
Yredelemnul
The Shining One

Shops:
D:9 [   D:11 :

Annotations:
D:4 3 runed translucent doors, frimble's ghost, amateur MiWr Gauntlet 11 transporters, exclusion: obsidian statue


Innate Abilities, Weirdness & Mutations

You have a pair of large antennae on your head. (SInv)
Your demonic aura causes all spilled blood to erupt in flames.
You are mostly covered in sharp spines.
When seriously injured, your bleeding wounds create armour. (AC +6)


Message History

The acid corrodes the raiju!
The raiju is heavily wounded.
The bolt of acid hits the raiju!!
The raiju is splashed with acid.
The acid corrodes the raiju!
The raiju is severely wounded.
The raiju bites your phantasmal warrior.
The raiju shocks your phantasmal warrior!
The raiju completely misses you.
A small abomination comes into view.
Something bites your phantasmal warrior!
Something shocks your phantasmal warrior!
You puncture the raiju! You freeze the raiju.
You kill the raiju!
Yredelemnul accepts your kill.
The raiju barely misses your phantasmal warrior.
Your phantasmal warrior hits something!!
Unknown command.
You are too injured to fight recklessly!
Unknown command.
Something bites your phantasmal warrior but does no damage.
The raiju closely misses your phantasmal warrior.
Your phantasmal warrior hits something.
You see here a raiju corpse.
You barely miss the small abomination. The small abomination hits you!
Something bites your phantasmal warrior but does no damage.
The raiju barely misses your phantasmal warrior.
Your phantasmal warrior hits something!
Reach: a) +4 demon trident (freeze)
Press: ? - help, Dir - move target, f - raiju, p - raiju
Aim: a raiju (heavily wounded, covered in acid, about 38% to evade your +4 demon trident of freezing)
You could not reach far enough!
The small abomination is engulfed in blazing flames.
The small abomination hits you!
* * * LOW HITPOINT WARNING * * *
Something bites your phantasmal warrior but does no damage.
The raiju bursts into living lightning!
The living lightning hits your phantasmal warrior!
The living lightning hits you!!
You die...
Your body rises from the dead as a mindless zombie.

.### # .#. .. .#
#.#. . .# ..#. ##
##.# #. .#)..#
##...### .#...#
#....#.######....##
#....#.#. ..... ..#
5 {#@.##.. .. #.#
#hhW#x°...#.#.. ...
.....#..##..## ..
#. ## .... .##
#.... .### #. .#.
## ..##### . #. { .
#. . # # ### # . {
.


You could see 2 raiju, a small abomination and a friendly phantasmal warrior.

Vanquished Creatures
  A tentacled starspawn (Abyss:2)
  The ghost of Mium Ilu the Fencer, a journeyman MiFi of Okawaru (Lair:2)
  2 hydras
  A catoblepas (Lair:2)
  Erica (Lair:1)
  4 two-headed ogres
  5 death yaks (D:8)
  2 thrashing horrors (Abyss:2)
  A hell knight (Abyss:2)
  4 sixfirhies (Gauntlet)
  A wretched star (Abyss:2)
  A necromancer (IceCv)
  Pikel (D:3)
  A cyclops (D:11)
  An elephant (Lair:2)
  An ice statue (IceCv)
  Joseph (D:8)
  An unseen horror (D:8)
  6 cane toads
  3 rime drakes (Lair:2)
  3 kobold demonologists
  2 komodo dragons
  A demonic crawler (Abyss:2)
  5 freezing wraiths (IceCv)
  An entropy weaver simulacrum (IceCv)
  A troll (D:11)
  10 meliai (Lair:2)
  3 anaconda simulacra (IceCv)
  12 ice devils (IceCv)
  A polar bear (Lair:1)
  A blink frog (Lair:2)
  3 raiju (Abyss:2)
  5 dream sheep (Lair:2)
  A shadow (D:10)
  2 flying skulls (Lair:2)
  2 centaur simulacra (Gauntlet)
  2 vampires
  18 yaks
  4 wyverns
  2 dire elephant simulacra (IceCv)
  A wraith (Lair:2)
  2 basilisks (Lair:2)
  2 vampire mosquitoes (D:11)
  Menkaure (D:5)
  4 death yak simulacra (IceCv)
  2 small abominations (Abyss:2)
  9 water moccasins
  6 orc warriors
  A black bear (D:4)
  A meliai simulacrum (Gauntlet)
  An ice beast (D:5)
  An ogre (D:5)
  A necrophage (D:6)
  A wolf (Lair:2)
  4 centaurs
  A lemure (D:3)
  A phantom (D:4)
  2 kobold brigands (D:6)
  2 bullfrogs
  4 cane toad simulacra (IceCv)
  4 scorpions
  3 elephant simulacra (IceCv)
  24 killer bees
  10 wights
  3 howler monkeys
  6 electric eels (D:11)
  4 centaur zombies
  A bullfrog zombie (D:6)
  5 hounds
  A wyvern simulacrum (Gauntlet)
  A catoblepas zombie (Lair:2)
  6 orc priests
  2 iron imps
  2 jellies
  An iguana (D:7)
  6 hell rats (Lair:2)
  A scorpion zombie (D:4)
  3 orc wizards
  3 polar bear simulacra (IceCv)
  A troll simulacrum (IceCv)
  2 killer bee zombies
  3 meliai zombies (Lair:2)
  3 wolf simulacra (IceCv)
  A cane toad zombie (Lair:2)
  A rime drake zombie (Lair:2)
  2 adders
  3 dream sheep zombies (Lair:2)
  A howler monkey skeleton (D:3)
  A naga simulacrum (IceCv)
  A river rat (Lair:2)
  A shadow imp (Gauntlet)
  A white imp (IceCv)
  4 ufetubi
  An adder skeleton (D:4)
  An adder zombie (D:4)
  A worm (D:2)
  3 dart slugs
  30 orcs
  A basilisk zombie (Lair:2)
  6 endoplasms
  2 giant cockroaches
  8 goblins
  11 hobgoblins
  A human zombie (D:8)
  14 kobolds
  6 quokkas
  A yak zombie (Lair:2)
  13 ball pythons
  5 bats
  3 frilled lizards (D:1)
  4 rats
  A river rat zombie (Lair:2)
  A butterfly (D:5)
389 creatures vanquished.

Vanquished Creatures (collateral kills)
  The ghost of quinnr the Stormcaller, a novice TeAE of Hepliaklqana (D:8)
  A queen bee (Lair:2)
  A meliai (Lair:2)
  A ynoxinul (Abyss:2)
  2 wyverns (Lair:2)
  5 killer bees
  An elephant simulacrum (IceCv)
  A hell rat (Lair:2)
  A wolf simulacrum (IceCv)
14 creatures vanquished.

Vanquished Creatures (others)
  A flying skull (Lair:2)
  2 wights
  2 meliai zombies (Lair:2)
  A mummy (IceCv)
  A blink frog zombie (Lair:2)
  A dream sheep zombie (Lair:2)
  A water moccasin zombie (Lair:2)
  A rime drake zombie (Lair:2)
  A quokka (D:8)
  A basilisk zombie (Lair:2)
  5 killer bee zombies (Lair:2)
  2 demonic plants (D:2)
  23 fungi
  24 plants
  3 starspawn tentacles (Abyss:2)
69 creatures vanquished.

Grand Total: 472 creatures vanquished

Notes
Turn   | Place    | Note
-------+----------+-------------------------------------------
     0 | D:1      | porpoise the Demonspawn Gladiator began the quest for the
                  | Orb.
     0 | D:1      | Reached XP level 1. HP: 16/16 MP: 1/1
   280 | D:1      | Gained mutation: You are partially covered in sharp spines.
                  | [demonic ancestry]
   280 | D:1      | Reached XP level 2. HP: 23/23 MP: 2/2
   581 | D:1      | Gained mutation: You are mostly covered in sharp spines.
                  | [demonic ancestry]
   581 | D:1      | Reached XP level 3. HP: 28/28 MP: 3/3
   909 | D:2      | Found a sparkling altar of Nemelex Xobeh.
   972 | D:2      | Found a faded altar of an unknown god.
  1353 | D:3      | Found an ornate altar of the Wu Jian Council.
  1364 | D:3      | Found a broken altar of Ashenzari.
  1365 | D:3      | Found a radiant altar of Vehumet.
  1381 | D:3      | Gained mutation: Your demonic aura sometimes causes spilled
                  | blood to erupt in flames. [demonic ancestry]
  1381 | D:3      | Reached XP level 4. HP: 32/35 MP: 4/4
  2010 | D:3      | Found a burning altar of Makhleb.
  2514 | D:4      | Noticed Pikel
  2514 | D:4      | Noticed a lemure
  2578 | D:3      | Killed a lemure
  2586 | D:3      | Killed Pikel
  2587 | D:3      | Reached skill level 5 in Fighting
  2587 | D:3      | Reached skill level 5 in Polearms
  2587 | D:3      | Gained mutation: Your demonic aura often causes spilled
                  | blood to erupt in flames. [demonic ancestry]
  2587 | D:3      | Reached XP level 5. HP: 13/45 MP: 5/5
  2587 | D:3      | Reached XP level 6. HP: 14/51 MP: 6/6
  2587 | D:3      | Gained mutation: You have a pair of small antennae on your
                  | head. [demonic ancestry]
  2587 | D:3      | Reached XP level 7. HP: 16/56 MP: 7/7
  3159 | D:4      | Found a blossoming altar of Fedhas.
  3331 | D:4      | Found a runed translucent gate.
  3331 | D:4      | Found a runed translucent gate.
  3331 | D:4      | Found a runed translucent gate.
  3331 | D:4      | Noticed frimble's ghost (amateur MiWr)
  3333 | D:4      | Found a basalt altar of Yredelemnul.
  3387 | D:4      | Became a worshipper of Yredelemnul the Dark
  3710 | D:4      | Reached skill level 1 in Invocations
  4196 | D:5      | Entered Level 5 of the Dungeon
  4228 | D:5      | Noticed Menkaure
  4235 | D:5      | Killed Menkaure
  4289 | D:5      | Found a staircase to the Ecumenical Temple.
  4345 | D:5      | Gained mutation: You have a pair of antennae on your head.
                  | [demonic ancestry]
  4345 | D:5      | Reached XP level 8. HP: 67/67 MP: 10/10
  4507 | D:5      | Reached skill level 1 in Armour
  4641 | D:5      | Identified the +4 quarterstaff "Tetsis" {spect, rC+ Dex+3}
  4990 | D:5      | Reached * piety under Yredelemnul
  5494 | D:6      | Noticed a kobold demonologist
  5498 | D:6      | Noticed a red devil
  5498 | D:6      | Noticed a red devil
  5506 | D:6      | Killed a kobold demonologist
  5507 | D:6      | Reached skill level 5 in Dodging
  5507 | D:6      | Gained mutation: When seriously injured, your bleeding
                  | wounds create armour. (AC +6) [demonic ancestry]
  5507 | D:6      | Reached XP level 9. HP: 41/72 MP: 11/11
  5512 | D:6      | Reached skill level 5 in Armour
  7037 | D:7      | Reached skill level 5 in Invocations
  7066 | D:7      | Found an iron altar of Okawaru.
  7433 | D:7      | Reached ** piety under Yredelemnul
  7665 | D:8      | Noticed quinnr's ghost (novice TeAE)
  7666 | D:8      | Found a runed translucent door.
  7726 | D:8      | Identified the ring "Muffepna" {Fly Dex+4}
  7985 | D:8      | Found a stormy altar of Qazlal.
  8056 | D:8      | Noticed Joseph
  8066 | D:8      | Killed an unseen horror
  8068 | D:8      | Killed Joseph
  8311 | D:8      | Your ally Joseph died
  8326 | D:8      | Found a sacrificial altar of Ru.
  8340 | D:8      | Gained mutation: Your demonic aura causes all spilled blood
                  | to erupt in flames. [demonic ancestry]
  8340 | D:8      | Reached XP level 10. HP: 83/83 MP: 15/15
  8758 | D:8      | Noticed a death yak
  8760 | D:8      | Noticed a death yak
  8764 | D:8      | Noticed a death yak
  8765 | D:8      | Killed a death yak
  8767 | D:8      | Noticed a death yak
  8769 | D:8      | Noticed a death yak
  8771 | D:8      | Killed a death yak
  8775 | D:8      | Killed a death yak
  8779 | D:8      | Killed a death yak
  8783 | D:8      | Killed a death yak
  8796 | D:8      | Reached XP level 11. HP: 34/89 MP: 17/17
  9022 | D:8      | Found a staircase to the Lair.
  9404 | D:8      | Killed quinnr's ghost
  9610 | D:9      | Noticed a sun demon
  9610 | D:9      | Reached *** piety under Yredelemnul
  9611 | D:9      | Reached skill level 1 in Evocations
  9807 | D:9      | Noticed a two-headed ogre
  9813 | D:9      | Killed a two-headed ogre
 10064 | D:9      | Found Necseh's Antique Armour Emporium.
 10073 | D:9      | Bought a scorched scale mail for 252 gold pieces
 10073 | D:9      | Identified the +1 scale mail "Fugisurr" {Rampage rN+ Int-4
                  | Dex+3} (You bought it in a shop on level 9 of the Dungeon)
 10390 | D:9      | Bought an embroidered cloak for 210 gold pieces
 10416 | D:10     | Entered Level 10 of the Dungeon
 10679 | D:10     | Noticed a two-headed ogre
 10686 | D:10     | Killed a two-headed ogre
 10958 | D:10     | Noticed a two-headed ogre
 10962 | D:10     | Killed a two-headed ogre
 11030 | D:10     | Found a portal to a secret trove of treasure.
 11050 | Trove    | Entered a treasure trove
 11052 | Trove    | Identified the amulet "Lats" {RegenMP rF+}
 11057 | Trove    | Identified the ring of False Hope {*Slow rF- rCorr Dex+6
                  | SInv}
 11067 | Trove    | Identified the ring of Teash {rC+ Dex+4 SInv}
 11070 | Trove    | Identified the ring "Giefo" {EV+4 Str+2 Int+2 SInv}
 11075 | Trove    | Identified the ring of Tucean {rC+ MP+9 Int+3 Dex+4}
 11106 | Trove    | Identified the amulet "Ician" {Reflect Str+3 SH+5}
 11681 | D:11     | Noticed a four-headed hydra
 11697 | D:11     | Killed a four-headed hydra
 11698 | D:11     | Reached skill level 5 in Evocations
 12005 | D:11     | Found a staircase to the Orcish Mines.
 12213 | D:11     | Noticed a two-headed ogre
 12219 | D:11     | Killed a two-headed ogre
 12220 | D:11     | Reached skill level 10 in Polearms
 12513 | D:11     | Found Gidiar's Book Boutique.
 12672 | Lair:1   | Entered Level 1 of the Lair of Beasts
 12705 | Lair:1   | Noticed Erica
 12714 | Lair:1   | Reached XP level 12. HP: 97/97 MP: 18/18
 12716 | Lair:1   | Killed Erica
 12717 | Lair:1   | Reached skill level 10 in Fighting
 13215 | Lair:1   | Identified the +11 hunting sling "Giantbane" {freeze,
                  | Dex+3}
 14085 | Lair:2   | Found a frozen archway.
 14099 | IceCv    | Entered an ice cave
 15201 | IceCv    | Found an ancient bone altar of Kikubaaqudgha.
 15658 | IceCv    | Received a gift from Yredelemnul (a wight)
 16279 | IceCv    | Got the Collected Works on Lethal Cold
 16320 | IceCv    | Received a gift from Yredelemnul (a mummy)
 16848 | Lair:2   | Noticed a catoblepas
 16870 | Lair:2   | Killed a catoblepas
 17049 | Lair:2   | Gained mutation: You have a pair of large antennae on your
                  | head. (SInv) [demonic ancestry]
 17049 | Lair:2   | Reached XP level 13. HP: 97/108 MP: 19/19
 17258 | Lair:2   | Reached **** piety under Yredelemnul
 17275 | Lair:2   | Found a staircase to the Swamp.
 17740 | Lair:2   | Received a gift from Yredelemnul (3 flying skulls)
 18001 | Lair:2   | Received a gift from Yredelemnul (a wraith)
 18274 | Lair:2   | Found a runed translucent gate.
 18274 | Lair:2   | Found a runed translucent gate.
 18275 | Lair:2   | Found a runed translucent gate.
 18282 | Lair:2   | Noticed Mium Ilu's ghost (journeyman MiFi)
 18696 | Lair:2   | Received a gift from Yredelemnul (a vampire)
 18895 | Lair:2   | Killed Mium Ilu's ghost
 19422 | Lair:3   | Found a gate leading to a gauntlet.
 19434 | Gauntlet | Entered a Gauntlet
 19434 | Gauntlet | Found a transporter.
 19434 | Gauntlet | Found a transporter.
 19439 | Gauntlet | Found a transporter.
 19439 | Gauntlet | Found a transporter.
 19467 | Gauntlet | Found a transporter.
 19480 | Gauntlet | Found a transporter.
 19500 | Gauntlet | Found a transporter.
 19517 | Gauntlet | Found a transporter.
 19521 | Gauntlet | Found the +2 hat of the Bear Spirit {Spirit, +Rage rN+
                  | Will++}
 19629 | Gauntlet | Found a transporter.
 19634 | Gauntlet | Found a transporter.
 19639 | Gauntlet | Found a transporter.
 19675 | Gauntlet | Found a transporter.
 19683 | Gauntlet | Found a transporter.
 19715 | Gauntlet | Found the +0 pair of fencer's gloves {Riposte Dex+3}
 19717 | Gauntlet | Found a transporter.
 19755 | Gauntlet | Found a transporter.
 19777 | Gauntlet | Found a transporter.
 20281 | Gauntlet | Cast into level 2 of the Abyss (a wizard)
 20285 | Abyss:2  | Found a corrupted altar of Lugonu.
 20325 | Abyss:2  | Received a gift from Yredelemnul (a wight)
 20606 | Abyss:2  | Noticed a tentacled starspawn
 20616 | Abyss:2  | Killed a tentacled starspawn
 20679 | Abyss:2  | Reached ***** piety under Yredelemnul
 20712 | Abyss:2  | Received a gift from Yredelemnul (a phantasmal warrior)
 20741 | Abyss:2  | Killed from afar by a raiju

Illustrated notes

Levels and vault maps discovered:
D:1:      psy_arrival_basics, layout_rooms
D:2:      layout_rooms, shapermc_ecumenical_altar_gd, basic_altar
D:3:      layout_basic, demons_altar, gammafunk_temple_overflow_forgotten
D:4:      layout_basic, nicolae_yredelemnul_ghost_church, old_standard_altar,
          uniq_pikel
D:5:      layout_loops_cross, minmay_temple_entry_butterflies, uniq_menkaure
D:6:      layout_layer_cave
D:7:      layout_loops_cross, mainiacjoe_overflow_cross_hatched
D:8:      layout_loops_ring, elyvilon_altar_4, mainiacjoe_overflow_24_doors,
          grunt_qazlal_sundering, dpeg_lair_monsters,
          hellmonk_ghost_happy_afterlife, uniq_joseph
D:9:      layout_roguey, serial_shops, shop, minivault_10
D:10:     layout_roguey, nicolae_trove_entry_crossroad
D:11:     layout_loops_ring, erik_orc_2, serial_shops, nicolae_shop_waterfront
Lair:1:   layout_roguey, basic_altar, uniq_erica
Lair:2:   regret_index_combs_of_tragedy, layout_loops_ring, swamp_mist_pool,
          portal_ice_cave_entry_pillars_1, ebering_ghost_rock_garden
Lair:3:   layout_misc_corridors, minmay_snake_entry_guardpost_medium,
          gauntlet_entry_generic, grunt_megastairs_4, lemuel_fruit_tree
Abyss:2:  base: D:11, hangedman_abyss_sting, base:
D:8
Gauntlet: gammafunk_gauntlet_branching [nicolae_gauntlet_arena_flowing_pool,
          gammafunk_gauntlet_arena_chambers, nicolae_gauntlet_arena_quarters,
          nicolae_gauntlet_arena_blocks, gammafunk_gauntlet_arena_crates,
          gammafunk_gauntlet_arena_corners, gammafunk_gauntlet_arena_open,
          gammafunk_gauntlet_arena_spirals, gauntlet_exit_hidden_loot]

Skill      XL: |  1  2  3  4  5  6  7  8  9 10 11 12 13 |
---------------+----------------------------------------+-----
Polearms       | 3 5 6 7 10 12 | 12.6
Fighting       | 3 5 7 9 12 | 12.8
Invocations    | 3 7 8 9 |  9.0
Armour         | 4 6 7 9 |  9.0
Dodging        | 5 7 9 |  9.0
Evocations     | 5 |  5.0
Throwing       | |  1.7

Action                   |  1- 3 |  4- 6 |  7- 9 | 10-12 | 13-15 || total
-------------------------+-------+-------+-------+-------+-------++-------
Melee: Trident           |   118 |    54 |    65 |       |       ||   237
       Quarterstaff      |       |       |    95 |   217 |       ||   312
       Halberd           |       |       |       |     9 |       ||     9
       Demon trident     |       |       |       |     5 |   238 ||   243
 Fire: Hand crossbow     |       |       |    52 |    71 |       ||   123
       Hunting sling     |       |       |       |    69 |     7 ||    76
Throw: Boomerang         |     4 |     2 |       |       |       ||     6
Invok: Animate Remains   |       |       |     1 |     8 |       ||     9
       Animate Dead      |       |       |       |     2 |    11 ||    13
       Recall Undead Sla |       |       |       |     1 |       ||     1
Evoke: Wand              |       |       |       |     7 |     1 ||     8
  Use: Scroll            |       |     2 |     5 |    13 |     8 ||    28
       Potion            |       |       |       |     1 |     2 ||     3
 Stab: Sleeping          |     1 |       |       |     1 |       ||     2
       Distracted        |       |       |       |     5 |     4 ||     9
Armor: Leather armour    |    17 |     2 |       |     4 |       ||    23
       Ring mail         |       |     8 |    51 |     1 |       ||    60
       Scale mail        |       |       |       |    56 |    54 ||   110
Dodge: Dodged            |    29 |     9 |    90 |   148 |    86 ||   362
Block: Buckler           |       |       |       |       |    34 ||    34

Table legend: (Time is in decaauts)
 A = Elapsed time spent in this place.
 B = Non-inter-level travel time spent in this place.
 C = Inter-level travel time spent in this place.
 D = Time resting spent in this place.
 E = Time spent auto-exploring this place.
 F = Levels seen in this place.
 G = Mean time per level.
                   A        B        C        D        E       F      G
               +--------+--------+--------+--------+--------+-----+--------+
         Total |  20717 |  20036 |    681 |   7231 |   8354 |  18 | 1150.9 |
       Dungeon |  12767 |  12206 |    561 |   3718 |   6123 |  11 | 1160.6 |
          Lair |   3939 |   3819 |    120 |   1172 |   1993 |   3 | 1313.0 |
         Abyss |    444 |    444 |      0 |    276 |     43 |   1 |  444.0 |
         Trove |     95 |     95 |      0 |      0 |      0 |   1 |   95.0 |
      Ice Cave |   2630 |   2630 |      0 |   1843 |    135 |   1 | 2630.0 |
      Gauntlet |    840 |    840 |      0 |    221 |     60 |   1 |  840.0 |
               +--------+--------+--------+--------+--------+-----+--------+

Top non-repeatable levels by time:
   IceCv: 2630 daAuts
  Lair:2: 2528 daAuts
     D:8: 2004 daAuts
     D:6: 1547 daAuts
     D:4: 1395 daAuts
     D:3: 1308 daAuts
  Lair:1: 1248 daAuts
    D:11: 1197 daAuts
    D:10: 1025 daAuts
     D:7: 1010 daAuts
     D:5: 902 daAuts
     D:1: 875 daAuts
     D:9: 854 daAuts
Gauntlet: 840 daAuts
     D:2: 646 daAuts
